Map: Lueur nocturne EC

Players

masterone - Winner!

  • Race: Zerg Zerg
  • League: Silver
  • Spawn Location: 5:00

Monocycle

  • Race: Zerg Zerg
  • League: Silver
  • Spawn Location: 11:00

VOD

Have the link to the VOD?

Description

Time

  • Played on: Oct. 13, 2020, 7:12 a.m.
  • Length: 7:50
Show
View Real Time Build Order
Export as new Build Order

masterone Zerg - Winner!

Build Orders: Hatch First 

Get SALT Encoding   

  12  0:01  Drone  
  13  0:25  Drone  
  14  0:32  Overlord  
  14  0:45  Hatchery  
  14  0:47  Drone  
  14  0:52  Drone x2  
  16  0:59  Drone  
  17  1:15  Spawning Pool  
  17  1:16  Drone  
  17  1:22  Drone  
  18  1:32  Drone  
  19  1:42  Drone  
  20  1:52  Drone  
  21  2:01  Queen  
  21  2:02  Queen  
  21  2:05  Spine Crawler  
  21  2:08  Spine Crawler, Overlord  
  23  2:10  Drone  
  23  2:11  Drone  
  23  2:15  Drone  
  26  2:21  Drone  
  27  2:25  Drone  
  28  2:34  Overlord  
  28  2:37  Queen  
  30  2:49  Queen  
  30  2:50  Drone x4  
  36  3:03  Spine Crawler, Drone, Extractor x2  
  34  3:12  Overlord  
  34  3:13  Overlord  
  34  3:34  Drone  
  34  3:35  Drone x4  
  39  4:04  Drone x2  
  39  4:05  Drone x3  
  39  4:07  Extractor  
  43  4:13  Lair  
  43  4:15  Roach Warren  
  43  4:16  Hatchery, Drone  
  43  4:17  Drone x2  
  44  4:35  Overlord x2  
  44  4:39  Drone x2  
  44  4:40  Drone x2  
  48  4:56  Roach  
  48  4:57  Roach x5  
  60  5:02  Drone  
  60  5:03  Spine Crawler, Drone  
  60  5:05  Pneumatized Carapace, Extractor  
  60  5:18  Roach, Drone x2  
  60  5:19  Roach x3  
  60  5:21  Glial Reconstitution  
  70  5:31  Drone x3  
  70  5:32  Overlord  
  70  5:33  Overlord  
  73  5:56  Drone x4  
  73  5:57  Drone x5  
  82  6:06  Burrow  
  82  6:14  Roach  
  82  6:15  Roach x7  
  98  6:44  Overseer  
  98  6:48  Overlord x3  
  98  7:05  Evolution Chamber  
  98  7:06  Evolution Chamber  
  98  7:07  Evolution Chamber  
  95  7:08  Roach  
  95  7:09  Roach x3  
  103  7:17  Overseer  
  103  7:18  Hatchery  
  118  7:44  Extractor  
  118  7:45  Extractor  
Show
View Real Time Build Order
Export as new Build Order

Monocycle Zerg 

Build Orders: Hatch First 

Get SALT Encoding   

  12  0:10  Overlord  
  12  0:13  Drone  
  13  0:17  Drone  
  14  0:30  Drone  
  14  0:33  Drone  
  16  1:00  Hatchery  
  15  1:04  Spawning Pool  
  15  1:10  Extractor  
  13  1:12  Drone  
  13  1:14  Drone  
  13  1:18  Drone  
  16  1:38  Drone x2  
  18  1:46  Drone  
  19  1:55  Queen  
  21  2:03  Zergling x2  
  21  2:07  Overlord  
  22  2:14  Drone  
  23  2:21  Queen, Zergling x2  
  26  2:27  Metabolic Boost  
  26  2:31  Queen  
  26  2:33  Zergling x4  
  30  2:44  Drone  
  30  2:45  Zergling x2  
  32  2:59  Drone  
  32  3:00  Drone x3  
  36  3:09  Overlord  
  36  3:17  Overlord  
  36  3:18  Overlord  
  32  3:42  Drone x3  
  32  3:43  Drone x4  
  32  3:48  Extractor  
  38  3:53  Baneling Nest  
  37  4:02  Drone  
  38  4:03  Drone x3  
  38  4:08  Hatchery  
  40  4:14  Drone x2  
  40  4:16  Lair  
  42  4:26  Drone x2  
  42  4:27  Drone x2  
  42  4:29  Drone x3  
  49  4:34  Overlord  
  49  4:51  Zergling x6  
  52  4:59  Baneling x2  
  52  5:01  Zergling x6  
  52  5:02  Drone x4  
  59  5:22  Drone x5  
  59  5:26  Centrifical Hooks  
  64  5:38  Queen  
  64  5:40  Overlord x3  
  66  5:58  Queen x2  
  66  5:59  Drone  
  66  6:00  Zergling x4, Drone x2  
  66  6:01  Zergling x2  
  76  6:11  Drone  
  76  6:12  Drone x6  
  76  6:13  Drone  
  81  6:26  Hatchery  
  79  6:40  Roach Warren  
  79  6:42  Extractor  
  77  6:55  Drone x2  
  77  6:56  Drone x5  
  77  6:57  Drone x2  
  86  7:11  Roach Warren  
  83  7:18  Spine Crawler  
  83  7:19  Spine Crawler  
  83  7:20  Zergling x10  
  83  7:21  Zergling x2  
  81  7:23  Spine Crawler  
  81  7:29  Zergling x2  
  70  7:30  Zergling x12  
Tags
 
Add a new tag
Caveats
  • Supply blocks, unpowered buildings, or Contaminate may cause inaccurate times.
  • Supply counts are checked every 10 seconds.